 Dungeon Crawl Stone Soup version 0.22-a0-126-g307c7c3 (webtiles) character file.

84 varam the Skirmisher (level 4, -4/37 HPs)
             Began as a Merfolk Abyssal Knight on Jan 30, 2018.
             Was a Believer of Lugonu.
             Slain by Grinder (10 damage)
             ... while paralysed by Grinder
             ... on level 3 of the Dungeon.
             The game lasted 00:05:16 (2372 turns).

varam the Skirmisher (Merfolk Abyssal Knight)       Turns: 2372, Time: 00:05:17

Health: -4/37      AC:  5    Str: 12    XL:     4   Next: 46%
Magic:  6/6        EV:  2    Int: 11    God:    Lugonu [**....]
Gold:   91         SH:  0    Dex: 14    Spells: 3/3 levels left

rFire    . . .     SeeInvis .   a - +1 falchion
rCold    + . .     Gourm    .   (no shield)
rNeg     . . .     Faith    .   b - +0 leather armour
rPois    .         Spirit   .   d - +1 helmet
rElec    .         Reflect  .   (no cloak)
rCorr    .         Harm     .   (no gloves)
MR       .....                  (no boots)
Stlth    +.........             (no amulet)
HPRegen  0.12/turn              p - ring of protection from cold
MPRegen  0.10/turn              (no ring)

@: paralysed
A: change form in water, swift swim, stealthy swim
a: Depart the Abyss, Bend Space, Renounce Religion


You were on level 3 of the Dungeon.
You worshipped Lugonu.
Lugonu was pleased with you.
You were not hungry.

You visited 1 branch of the dungeon, and saw 4 of its levels.
You visited the Abyss 1 time.

You collected 91 gold pieces.

Inventory:

Hand Weapons
 a - a +1 falchion (weapon)
Missiles
 q - 39 stones (quivered)
Armour
 b - a +0 leather armour (worn)
 d - a +1 helmet (worn)
 i - a +0 ring mail
Jewellery
 p - a ring of protection from cold (left hand)
Scrolls
 e - 2 scrolls of remove curse
 h - a scroll of enchant weapon {unknown}
 j - a scroll of blinking {unknown}
 n - 2 scrolls of immolation {unknown}
 o - a scroll of identify {unknown}
 s - a scroll of fog {unknown}
 u - a scroll of enchant armour {unknown}
Potions
 f - a potion of agility {unknown}
 k - a potion of curing
 m - a potion of heal wounds {unknown}
 r - 2 potions of mutation {unknown}
 t - a potion of resistance {unknown}
Books
 g - a book of Flames

   Spells                             Type                      Level
   a - Flame Tongue                   Conjuration/Fire             1
   b - Throw Flame                    Conjuration/Fire             2
   c - Conjure Flame                  Conjuration/Fire             3
   d - Inner Flame                    Hexes/Fire                   3
   e - Sticky Flame                   Conjuration/Fire             4
   f - Fireball                       Conjuration/Fire             5
Comestibles
 c - 5 rations
 l - 9 chunks of flesh


   Skills:
 + Level 3.8 Fighting
 + Level 2.9 Long Blades
 + Level 1.3 Armour
 + Level 3.6 Dodging
 + Level 2.8 Invocations


You had 3 spell levels left.
You didn't know any spells.

Dungeon Overview and Level Annotations

Branches:
Dungeon (4/15)
 Temple: D:4-7

Altars:

Annotations:
D:3 Grinder
D:4 KristoblXynda's ghost, amateur NaBe


Message History

You feel sick.
* * * LOW HITPOINT WARNING * * *
You feel sick.
You hit the orc.
The orc is almost dead.
* * * LOW HITPOINT WARNING * * *
You feel sick. The orc closely misses you.
It was a potion of curing.
You feel better. Grinder gestures at you. Pain shoots through your body!
* * * LOW HITPOINT WARNING * * *
Grinder gestures at you. You resist with significant effort.
You hit the orc.
You kill the orc!
Lugonu accepts your kill. Grinder gestures at you.
You suddenly lose the ability to move!
Grinder hits you!
You die...

##.#####(....K5o.
+.. #.# #.(#######
#.. #.# #.>.......
##.
#.#####..#######
... ###.....#.o#
###. ........(5.#
#. ###.###.##.# #.
#.#
#.##.#############
#. #.#
#....o.Ko5@.......
.. #.#
#..#.#############
#.# #..#.# #.#
#..#.######### #.#
#..#..........
#..#..########
#..#..# #..#..#
#..#..#


You could see Grinder, 2 orcs and a kobold.

Vanquished Creatures
  2 adders (D:2)
  2 worms (D:3)
  2 dart slugs
  A leopard gecko (D:2)
  5 orcs (D:3)
  4 giant cockroaches
  8 goblins
  4 hobgoblins
  4 kobolds
  2 quokkas (D:2)
  A ball python (D:3)
  6 bats
  A frilled lizard (D:1)
  4 rats
46 creatures vanquished.

Notes
Turn   | Place    | Note
-------+----------+-------------------------------------------
     0 | Abyss:1  | varam the Merfolk Abyssal Knight began the quest for the Orb.
     0 | Abyss:1  | Reached XP level 1. HP: 18/18 MP: 2/2
    63 | Abyss:1  | Noticed a small abomination
    79 | Abyss:2  | Found a corrupted altar of Lugonu.
   109 | Abyss:2  | Noticed a tentacled starspawn
   118 | Abyss:2  | Noticed a neqoxec
   120 | Abyss:2  | Noticed a large abomination
   122 | Abyss:2  | Noticed a starcursed mass
   122 | D:1      | Escaped the Abyss
   265 | D:1      | Reached XP level 2. HP: 22/24 MP: 3/3
   349 | D:1      | Reached * piety under Lugonu
   366 | D:1      | Reached skill level 3 in Dodging
   426 | D:1      | Reached skill level 1 in Armour
   895 | D:2      | Reached XP level 3. HP: 29/29 MP: 4/4
  1552 | D:2      | Reached XP level 4. HP: 37/37 MP: 6/6
  2185 | D:3      | Reached ** piety under Lugonu
  2218 | D:3      | Noticed Grinder
  2230 | D:4      | Noticed KristoblXynda's ghost (amateur NaBe)
  2280 | D:4      | Noticed a phantom
  2359 | D:3      | HP: 3/37 [poisoned by a kobold]
  2370 | D:3      | Paralysed by Grinder for 3 turns
  2372 | D:3      | Slain by Grinder

Vault maps used:
D:1:      wheals_arrival_shading
D:3:      chequers_temple_overflow_minitemple, first_ration, uniq_grinder
D:4:      cheibrodos_sewer_entry_bend, tgw_kikubaaqudgha

Skill      XL: |  1  2 |
---------------+-------+-----
Dodging        | 3 |  3.6
Armour         | 1 |  1.3
Fighting       | |  3.8
Long Blades    | |  2.9
Invocations    | |  2.8

Action                   |  1- 3 |  4- 6 || total
-------------------------+-------+-------++-------
Melee: Falchion          |   101 |    57 ||   158
Invok: Depart the Abyss  |     1 |       ||     1
  Use: Scroll            |     1 |       ||     1
       Potion            |       |     1 ||     1
  Eat: Chunk             |     2 |     3 ||     5
Armor: Leather armour    |    35 |    14 ||    49
Dodge: Dodged            |    90 |    38 ||   128
       Rpst.: Falchion   |    27 |    12 ||    39

Table legend:
 A = Spawn XP
 B = Non-spawn XP
 C = Spawn XP percentage of total XP
 D = Spawn monster count
 E = Non-spawn monster count
 F = Spawn count percentage of total count
 G = Total turns spent on level
                    A         B        C        D         E        F      G
               +---------+---------+-------+---------+---------+-------+---------
         Total |       0 |     121 |   0.0 |       0 |      46 |   0.0 |  2372
               +---------+---------+-------+---------+---------+-------+---------
           D:1 |       0 |      26 |   0.0 |       0 |      15 |   0.0 |   724
           D:2 |       0 |      57 |   0.0 |       0 |      17 |   0.0 |   815
           D:3 |       0 |      38 |   0.0 |       0 |      14 |   0.0 |   581
               +---------+---------+-------+---------+---------+-------+---------
